AoeStats
← CanallaVillano

MegaRandom

509976191Analyzed
4v4 RM · 3d ago on Sep 28, 2026· 44m 34s· 8 players
Game mode
Random Map
Map size
Large (8 player)
Population
200
Speed
Normal
Resources
Standard
Victory
Conquest
Starting age
Dark Age
Ending age
Imperial Age
RankedLock teamsTeams togetherTeam positionsShared explorationLock speedFull tech treeHidden civsTurbo modeCheats
Victory
Defeat
🇲🇽 Lithuanians · Mexico
723
+9
🇳🇴 Bohemians · Norway
694
+10
🇨🇴 Huns · Colombia
674
+11
🇲🇽 Spanish · Mexico
616
+13
🇲🇽 Khmer · Mexico
598
-12
🇪🇸 Teutons · Spain
560
-11
🇹🇷 Koreans · Türkiye
535
-10
🇨🇱 Saracens · Chile
532
-10
Mapuche Mayer
Marco 1985 MÉXICO City
3:10 Loom
19:01 Feudal Age
24:31 Castle Age
26:09 Double-Bit Axe
27:45 Bow Saw
28:39 Fishing Lines
31:28 Gillnets
32:36 Wheelbarrow
31:57 Gold Mining
37:29 Hand Cart
39:27 Gold Shaft Mining
43:37 Medium Warships
CanallaVillano
0:41 Loom
14:19 Feudal Age
14:55 Double-Bit Axe
14:54 Horse Collar
37:08 Castle Age
38:15 Heavy Plow
38:21 Squires
38:07 Gambesons
38:08 Arson
44:13 Scale Mail Armor
44:23 Forging
44:06 Fletching
Taha Bey
12:39 Feudal Age
15:08 Feudal Age
19:26 Castle Age
18:17 Horse Collar
18:26 Double-Bit Axe
24:04 Wheelbarrow
29:00 Squires
32:41 Hand Cart
33:42 Pikeman
TrolleBolIe
5:45 Loom
16:19 Feudal Age
16:46 Horse Collar
16:52 Double-Bit Axe
21:40 Fishing Lines
25:12 Castle Age
23:35 Fletching
29:35 Chemistry
31:05 Bodkin Arrow
41:21 Imperial Age
41:59 Wheelbarrow
41:12 Town Watch
inquicidor123
0:40 Loom
15:03 Feudal Age
15:33 Double-Bit Axe
15:42 Man-at-Arms
16:31 Gold Mining
20:09 Fishing Lines
24:20 Forging
24:11 Scale Mail Armor
27:24 Castle Age
26:32 Stone Mining
26:30 Horse Collar
27:54 Long Swordsman
28:52 Gillnets
29:49 Fletching
30:00 Padded Archer Armor
36:08 Inquisition
38:55 Bodkin Arrow
39:15 Leather Archer Armor
39:54 Heavy Plow
41:04 Ballistics
juanbleis3214
0:38 Loom
12:18 Feudal Age
14:10 Double-Bit Axe
15:06 Fishing Lines
23:38 Castle Age
24:33 Gillnets
26:56 Stone Mining
27:00 Gold Mining
30:49 Wheelbarrow
30:31 Bow Saw
30:05 Horse Collar
31:03 Gold Shaft Mining
33:45 Imperial Age
31:36 Forging
31:33 Scale Barding Armor
31:59 Heavy Plow
34:07 Hand Cart
35:34 Elite Tarkan
37:41 Iron Casting
37:28 Chain Barding Armor
39:09 Caravan
40:35 Two-Man Saw
43:06 Blast Furnace
41:58 Fletching
42:08 Padded Archer Armor
42:44 Plate Barding Armor
anzolablan
8:29 Loom
12:38 Feudal Age
19:14 Man-at-Arms
19:41 Arson
20:42 Double-Bit Axe
26:42 Castle Age
29:21 Scale Barding Armor
29:28 Forging
30:47 Chain Barding Armor
33:27 Iron Casting
34:01 Fervor
35:19 Stone Mining
35:26 Gold Mining
36:25 Wheelbarrow
36:59 Horse Collar
38:10 Heavy Plow
38:30 Hand Cart
39:46 Stone Shaft Mining
39:26 Bow Saw
45:26 Imperial Age
Connection lost

Rejoining the realm…

Still unreachable

The connection could not be restored.

Session expired

The server has moved on; the page needs a fresh start.